 Dungeon Crawl Stone Soup version 0.27-a0-1317-gd1140b374c (webtiles) character file.

Game seed: 14529882232126081840

112 27snakeeyes612 the Covered (level 4, -1/29 HPs)
             Began as a Gargoyle Fighter on June 21, 2021.
             Slain by a shadow imp (3 damage)
             ... summoned by Natasha
             ... on level 3 of the Dungeon.
             The game lasted 00:01:37 (2865 turns).

27snakeeyes612 the Covered (Gargoyle Fighter)       Turns: 2865, Time: 00:01:38

Health: -1/29      AC: 14    Str: 21    XL:     4   Next: 95%
Magic:  4/4        EV:  5    Int:  8    God:
Gold:   123        SH:  9    Dex:  9    Spells: 3/3 levels left

rFire    + . .     SeeInvis .   a - +0 war axe
rCold    . . .     Faith    .   c - +0 kite shield
rNeg     + . .     Spirit   .   p - +0 chain mail
rPois    ∞         Reflect  .   f - +0 helmet
rElec    +         Harm     .   (no cloak)
rCorr    .         Rampage  .   (no gloves)
Will     .....                  (no boots)
Stlth    ..........             (no amulet)
HPRegen  0.09/turn              h - ring of protection from fire
MPRegen  0.09/turn              (no ring)

@: slowed, very slow
A: sickness immunity, AC +3, negative energy resistance 1, electricity
resistance, torment resistance 1, petrification resistance
a: no special abilities


You were on level 3 of the Dungeon.
You visited 1 branch of the dungeon, and saw 3 of its levels.

You collected 123 gold pieces.

Inventory:

Hand Weapons
 a - a +0 war axe (weapon)
Armour
 b - a +0 scale mail
 c - a +0 kite shield (worn)
 f - a +0 helmet (worn)
 p - a +0 chain mail (worn)
Jewellery
 h - a ring of protection from fire (left hand)
 l - a ring of wizardry
Scrolls
 e - a scroll of blinking {unknown}
 j - a scroll of immolation {unknown}
 m - a scroll of torment {unknown}
 n - a scroll of identify {unknown}
 r - a scroll of fear {unknown}
 t - a scroll of amnesia {unknown}
Potions
 d - a potion of might
 g - 3 potions of curing {unknown}
 i - 2 potions of berserk rage {unknown}
 k - a potion of haste {unknown}
 o - 2 potions of heal wounds {unknown}
 q - 2 potions of attraction {unknown}
 s - a potion of ambrosia {unknown}


   Skills:
 + Level 4.1 Fighting
 + Level 2.6 Axes
 + Level 4.1 Armour
 + Level 4.1 Shields


You had 3 spell levels left.
You didn't know any spells.
Your spell library contained the following spells:

 Spells                   Type           Power      Damage    Failure   Level
 Foxfire                  Conj/Fire      0%         2x1d4     100%        1
 Conjure Flame            Conj/Fire      0%         6-21      100%        3
 Inner Flame              Hex/Fire       0%         N/A       100%        3
 Sticky Flame             Conj/Fire      0%         2d3       100%        4
 Fireball                 Conj/Fire      0%         3d3       100%        5


Dungeon Overview and Level Annotations

Branches:
Dungeon (3/15)

Altars:

Shops:
D:2 (

Annotations:
D:3 Natasha


Innate Abilities, Weirdness & Mutations

You are immune to sickness and miasma.
Your stone body is resilient. (AC +3)
You are immune to poison.
You resist negative energy. (rN+)
You are resistant to electric shocks. (rElec)
You are resistant to unholy torment.
You are immune to petrification.


Message History

You are too injured to fight recklessly!
You are too injured to fight recklessly!
You are too injured to fight recklessly!
You are too injured to fight recklessly!
You are too injured to fight recklessly!
You are too injured to fight recklessly!
You are too injured to fight recklessly!
You are too injured to fight recklessly!
You are too injured to fight recklessly!
You are too injured to fight recklessly!
You are too injured to fight recklessly!
You are too injured to fight recklessly!
You are too injured to fight recklessly!
You are too injured to fight recklessly!
You are too injured to fight recklessly!
You are too injured to fight recklessly!
You are too injured to fight recklessly!
You are too injured to fight recklessly!
You closely miss Natasha.
Natasha is heavily wounded.
Your chain mail prevents you from hitting the white imp.
You hit the shadow imp. You block Natasha's attack.
The white imp hits you but does no damage.
You block the shadow imp's attack. Natasha claws you.
The white imp hits you but does no damage.
The shadow imp hits you but does no damage.
You barely miss Natasha.
Natasha is heavily wounded.
You hit the crimson imp but do no damage.
You closely miss the shadow imp. You slash the white imp!
You kill the white imp!
The crimson imp disappears in a puff of smoke!
Natasha claws you. You block the shadow imp's attack.
Natasha wildly gestures.
You feel disoriented. Natasha claws you!
* * * LOW HITPOINT WARNING * * *
The shadow imp barely misses you. You block Natasha's attack.
The shadow imp hits you.
You die...

#........(.........############
#..........####.##.##.........#
#.....###......<.#.##.#######.#
#.###.# ##.##.............# #.#
#.# #.# #.###...#.##.###.# #.#
#.###.# #.####.##.##.# #.# #.#
#.....# #.........##.###.###.#
#....## ######.#####..<......#
###.## ##@## #####...### #.#
##5.§## ###.# #.### ##..h..##
###.# #.#.## ##.......## ##.#.#
####....####.........####....#
...........'.........'.......##
####....####.........###......#
#.#.## ##.......## #.#.#..#
#....# ##.....## #.###..#


You could see Natasha and a shadow imp (summoned).

Vanquished Creatures
  Natasha (D:3)
  3 adders
  2 worms
  2 dart slugs
  2 orcs (D:3)
  4 ball pythons
  7 bats
  An endoplasm (D:1)
  3 giant cockroaches
  3 goblins
  4 hobgoblins
  7 jackals
  3 kobolds
  2 frilled lizards
  2 rats
46 creatures vanquished.

Notes
Turn   | Place    | Note
-------+----------+-------------------------------------------
     0 | D:1      | 27snakeeyes612 the Gargoyle Fighter began the quest for the
                  | Orb.
     0 | D:1      | Reached XP level 1. HP: 14/14 MP: 1/1
   229 | D:1      | Reached XP level 2. HP: 19/19 MP: 2/2
   351 | D:1      | Found a faded altar of an unknown god.
   514 | D:1      | Reached XP level 3. HP: 24/24 MP: 3/3
   921 | D:2      | Found Quhamiol's Antique Weapon Shop.
  1695 | D:3      | Reached XP level 4. HP: 29/29 MP: 4/4
  1988 | D:3      | Noticed Natasha
  1993 | D:3      | Killed Natasha
  2854 | D:3      | Noticed Natasha
  2865 | D:3      | Slain by a shadow imp

Illustrated notes

Levels and vault maps discovered:
D:1:      wander_arrival_desolate, layout_rooms, ebering_ecumenical_altar_webs
D:2:      layout_loops_corners, serial_shops, shop, minmay_misc_feat_alley,
          hangedman_decor_points
D:3:      layout_loops_corners, due_unseen_surprise, uniq_natasha

Skill      XL: |  1  2  3  4 |
---------------+-------------+-----
Axes           | 2 |  2.6
Armour         | 4 |  4.1
Fighting       | 4 |  4.1
Shields        | 4 |  4.1

Action                   |  1- 3 |  4- 6 || total
-------------------------+-------+-------++-------
Melee: War axe           |   110 |    37 ||   147
Armor: Scale mail        |    86 |     3 ||    89
       Chain mail        |       |    33 ||    33
Dodge: Dodged            |    46 |     9 ||    55
Block: Kite shield       |    61 |    25 ||    86

Table legend: (Time is in decaauts)
 A = Elapsed time spent in this place.
 B = Non-inter-level travel time spent in this place.
 C = Inter-level travel time spent in this place.
 D = Time resting spent in this place.
 E = Time spent auto-exploring this place.
 F = Levels seen in this place.
 G = Mean time per level.
                   A        B        C        D        E       F      G
               +--------+--------+--------+--------+--------+-----+--------+
         Total |   2958 |   2867 |     91 |      0 |   2450 |   3 |  986.0 |
       Dungeon |   2958 |   2867 |     91 |      0 |   2450 |   3 |  986.0 |
               +--------+--------+--------+--------+--------+-----+--------+

Top non-repeatable levels by time:
     D:3: 1220 daAuts
     D:2: 1025 daAuts
     D:1: 712 daAuts
